 Dungeon Crawl Stone Soup version 0.31.0 (webtiles) character file.

Game seed: 5547729529482283221

56 HakonGodeson the Covered (level 3, -3/29 HPs)
             Began as a Human Fighter on Jan 20, 2024.
             Slain by a gnoll
             ... wielding a +0 halberd
              (4 damage)
             ... on level 3 of the Dungeon.
             The game lasted 00:02:33 (693 turns).

HakonGodeson the Covered (Human Fighter)             Turns: 693, Time: 00:02:35

Health: -3/29      AC: 10    Str: 16    XL:     3   Next: 97%
Magic:  3/3        EV:  6    Int: 10    God:
Gold:   19         SH:  4    Dex: 12    Spells: 2/2 levels left

rFire   . . .        a - +0 flail
rCold   . . .        c - +0 buckler
rNeg    . . .        b - +0 scale mail
rPois   .            (no helmet)
rElec   .            (no cloak)
rCorr   .            (no gloves)
SInv    .            (no boots)
Will    .....        (no amulet) Stlth
                     e - +4 ring of protection
HPRegen 0.24/turn    (no ring)
MPRegen 0.08/turn

%: no passive effects
@: mighty, brilliant, constricted, invisible
A: explore regen
a: no special abilities


You were on level 3 of the Dungeon.
You visited 1 branch of the dungeon, and saw 3 of its levels.

You collected 19 gold pieces.

Inventory:

Hand Weapons
 a - a +0 flail (weapon)
Armour
 b - a +0 scale mail (worn)
 c - a +0 buckler (worn)
Jewellery
 e - a +4 ring of protection (left hand)
Potions
 h - a potion of brilliance


   Skills:
 * Level 3.2 Fighting
 * Level 2.6 Maces & Flails
 * Level 3.4 Armour
 * Level 0.9 Dodging
 * Level 0.9 Stealth
 * Level 3.3 Shields


You had 2 spell levels left.
You didn't know any spells.
Your spell library contained the following spells:

 Spells                   Type           Power      Damage    Failure   Level
 Conjure Ball Lightning   Conj/Air       0%         3x3d6     100%        6
 Discord                  Hex            0%         N/A       100%        8
 Disjunction              Tloc           0%         N/A       100%        8


Dungeon Overview and Level Annotations

Branches:
Dungeon (3/15)

Altars:


Innate Abilities, Weirdness & Mutations

You regain HP and MP as you explore.


Message History

The ball python bites you. The ball python grabs you.
The ball python constricts you.
A quokka comes into view.
You block the gnoll's attack. The ball python barely misses you.
The ball python constricts you.
You escape the ball python's grasp.
The gnoll closely misses you.
The ball python attacks as it pursues you!
The ball python bites you but does no damage.
The ball python closely misses you.
You closely miss the ball python. You block the ball python's attack.
The ball python grabs you. The ball python constricts you.
The ball python bites you but does no damage.
The ball python constricts you.
You closely miss the ball python. You block the quokka's attack.
The ball python bites you. The ball python constricts you.
The gnoll hits you from afar with a +0 halberd!
The quokka bites you but does no damage.
The gnoll barely misses you.
The ball python bites you but does no damage.
The ball python constricts you.
It was a potion of brilliance.
You feel clever all of a sudden. The quokka barely misses you.
The ball python barely misses you. The ball python constricts you.
You block the gnoll's attack.
It was a potion of curing.
You feel better. The quokka bites you. The ball python bites you.
The ball python constricts you.
The gnoll hits you from afar with a +0 halberd!
* * * LOW HITPOINT WARNING * * *
Unknown command.
It was a potion of invisibility.
You fade into invisibility!
You block the quokka's attack. The ball python closely misses you.
The ball python constricts you. You block the gnoll's attack.
You closely miss the quokka.
The quokka bites you but does no damage.
The ball python barely misses you. The ball python constricts you.
The quokka bites you.
* * * LOW HITPOINT WARNING * * *
The gnoll hits you from afar with a +0 halberd.
You die...

##..#.............. ####.##
##.............#.# #....#
###....##........#.###....#
##...................).....#
#..#..........(...).)##....#
........##.......g##########
.............$..)g#
.###....#.g######.##
...........S@r.....#
####.....#.######....
#..........# ......
######.###.. ........ #..#
.......... ##..# .........
#... . ###.


You could see a gnoll (unable to see you), a quokka (unable to see you) and a
ball python (unable to see you).

Vanquished Creatures
  2 gnolls (D:3)
  2 dart slugs
  An orc (D:3)
  3 bats
  An endoplasm (D:1)
  4 goblins
  4 hobgoblins
  5 jackals
  A quokka (D:2)
  3 ball pythons
  2 kobolds
  A rat (D:2)
29 creatures vanquished.

Notes
Turn   | Place    | Note
-------+----------+-------------------------------------------
     0 | D:1      | HakonGodeson the Human Fighter began the quest for the Orb.
     0 | D:1      | Reached XP level 1. HP: 18/18 MP: 1/1
   115 | D:1      | Reached XP level 2. HP: 24/24 MP: 2/2
   534 | D:2      | Reached XP level 3. HP: 29/29 MP: 3/3
   691 | D:3      | HP: 1/29 [gnoll/+0 halberd (12)]
   693 | D:3      | Slain by a gnoll

Illustrated notes

Levels and vault maps discovered:
D:1:      dpeg_arrival_radiant, layout_loops_ring, serial_shops, shop,
          shapermc_ecumenical_altar_mp_vishouse, chequers_big_river
D:2:      layout_basic, dk_noncrumbling_4, uniq_jessica, uniq_natasha
D:3:      layout_rooms, gammafunk_ghost_arena, uniq_grinder

Action                     || total
---------------------------++-------
  Melee: Flail             ||    99
    Use: Scroll            ||     2
         Potion            ||     4
 Armour: Scale mail        ||    90
  Dodge: Dodged            ||    62
  Block: Buckler           ||    42
